 Dungeon Crawl Stone Soup version 0.27-a0-1281-ge233d83751 (webtiles) character file.

Game seed: 17072679614441842463

215 freelancePsychic the Skirmisher (level 5, -1/46 HPs)
             Began as a Demonspawn Fighter on June 13, 2021.
             Was a Follower of Uskayaw.
             Slain by an orc priest (4 damage)
             ... on level 4 of the Dungeon.
             The game lasted 00:03:50 (1867 turns).

freelancePsychic the Skirmisher (DsFi)              Turns: 1867, Time: 00:03:51

Health: -1/46      AC:  7    Str: 17    XL:     5   Next: 60%
Magic:  6/6        EV:  7    Int:  9    God:    Uskayaw [*.....]
Gold:   72         SH:  8    Dex: 13    Spells: 4/4 levels left

rFire    . . .     SeeInvis .   a - +0 rapier
rCold    + . .     Faith    .   c - +0 kite shield
rNeg     . . .     Spirit   .   b - +0 scale mail
rPois    .         Reflect  .   (no helmet)
rElec    .         Harm     .   (no cloak)
rCorr    .         Rampage  .   (no gloves)
Will     .....                  (no boots)
Stlth    ..........             (no amulet)
HPRegen  0.00/turn              (no ring)
MPRegen  0.10/turn              (no ring)

@: constricted
A: hooves 1, repulsion field 2, demonic magic 1, cold resistance 1, robust 1,
inhibited regeneration
a: Renounce Religion, Stomp


You were on level 4 of the Dungeon.
You worshipped Uskayaw.
Uskayaw was noncommittal.
You visited 2 branches of the dungeon, and saw 4 of its levels.

You collected 72 gold pieces.

Inventory:

Hand Weapons
 a - a +0 rapier (weapon)
Armour
 b - a +0 scale mail (worn)
 c - a +0 kite shield (worn)
Scrolls
 f - 3 scrolls of amnesia
 h - a scroll of identify {unknown}
 j - a scroll of acquirement {unknown}
Potions
 e - a potion of mutation


   Skills:
 + Level 4.2 Fighting
 * Level 3.4 Short Blades
 + Level 3.8 Armour
 - Level 2.7 Shields
 + Level 1.4 Invocations


You had 4 spell levels left.
You didn't know any spells.
Your spell library contained the following spells:

 Spells                   Type           Power      Damage    Failure   Level
 Beastly Appendage        Tmut           0%         N/A       100%        1
 Shock                    Conj/Air       0%         1d3       100%        1
 Summon Small Mammal      Summ           0%         N/A       100%        1
 Call Imp                 Summ           0%         N/A       100%        2
 Static Discharge         Conj/Air       0%         N/A       100%        2
 Wereblood                Tmut           0%         N/A       100%        2
 Call Canine Familiar     Summ           0%         N/A       100%        3
 Spider Form              Tmut/Pois      0%         N/A       100%        3
 Summon Guardian Golem    Hex/Summ       0%         N/A       100%        3
 Swiftness                Air            0%         N/A       100%        3
 Airstrike                Air            0%         N/A       100%        4
 Ice Form                 Ice/Tmut       0%         N/A       100%        4
 Summon Ice Beast         Ice/Summ       0%         N/A       100%        4
 Summon Lightning Spire   Summ/Air       0%         N/A       100%        4
 Lightning Bolt           Conj/Air       0%         1d11      100%        5


Dungeon Overview and Level Annotations

Branches:
Dungeon (4/15)             Temple (1/1) D:4

Altars:
Ashenzari
Cheibriados
Elyvilon
Gozag
Hepliaklqana
Kikubaaqudgha
Makhleb
Nemelex Xobeh
Okawaru
Qazlal
Sif Muna
Trog
Uskayaw
Vehumet
Xom
The Shining One

Shops:
D:2 :


Innate Abilities, Weirdness & Mutations

You have large cloven feet.
You are surrounded by a moderate repulsion field. (EV +3)
Spells you cast may paralyse adjacent enemies.
Your flesh is cold resistant. (rC+)
You are robust. (+10% HP)
You do not regenerate when monsters are visible.


Message History

The orc wizard flickers and vanishes!
Deactivating autopickup; reactivate with Ctrl-A.
The orc priest barely misses you.
The crimson imp blinks!
You closely miss the orc priest. The ball python completely misses you.
You block the ball python's attack.
The orc priest hits you with a +0 short sword.
The crimson imp hits you but does no damage.
The crimson imp blinks!
The ball python bites you but does no damage.
The ball python closely misses you.
You hit the orc priest. You kick the orc priest.
The orc priest is moderately wounded.
The orc priest barely misses you. The crimson imp barely misses you.
You block the ball python's attack. The ball python barely misses you.
The orc priest invokes the aid of Beogh against you.
Pain shoots through your body!
* * * LOW HITPOINT WARNING * * *
The crimson imp closely misses you.
You completely miss the orc priest.
You kick the orc priest, but do no damage.
The orc priest is moderately wounded.
You block the ball python's attack. The ball python grabs you.
The ball python constricts you. You block the orc priest's attack.
The ball python bites you.
* * * LOW HITPOINT WARNING * * *
The ball python constricts you. The crimson imp barely misses you.
As you read the scroll labelled JONUJE CURAONA, it crumbles to dust.
It is a scroll of amnesia.
You feel forgetful for a moment. The ball python closely misses you.
* * * LOW HITPOINT WARNING * * *
The ball python constricts you.
The orc priest begins to cast a cantrip, but forgets the words!
The crimson imp hits you.
* * * LOW HITPOINT WARNING * * *
The crimson imp blinks!
It was a potion of magic.
Magic courses through your body. The ball python barely misses you.
The ball python constricts you. You block the crimson imp's attack.
The orc priest hits you with a +0 short sword.
You die...

#..# #..# #...#
#.####'### #.###
#.#.^...^§# #.#
#.###._.#####.# ..
....^ #...#
...####o####.###
#....o5.....##
.>...##S#5....########
####5..o@o...........#
#.#§####...###.##.# #
#. #..## #.##.# #.
#.... #.##.#### #.
#.##.##.##....# #. #.
o##.#####.# #. ...#
#.# .< #.# #.# ..# #.#


You could see an orc priest, 3 crimson imps, 3 orcs and a ball python.

Vanquished Creatures
  A bullfrog (D:4)
  A scorpion (D:4)
  An orc wizard (D:4)
  2 adders
  6 orcs
  4 ball pythons (D:1)
  2 endoplasms
  4 giant cockroaches (D:1)
  5 goblins
  3 hobgoblins
  4 jackals (D:1)
  3 quokkas
  2 bats
  2 kobolds (D:1)
  4 rats (D:1)
44 creatures vanquished.

Vanquished Creatures (others)
  A plant (D:2)
1 creature vanquished.

Grand Total: 45 creatures vanquished

Notes
Turn   | Place    | Note
-------+----------+-------------------------------------------
     0 | D:1      | freelancePsychic the Demonspawn Fighter began the quest for
                  | the Orb.
     0 | D:1      | Reached XP level 1. HP: 18/18 MP: 1/1
   236 | D:1      | Found a faded altar of an unknown god.
   273 | D:1      | Gained mutation: You are surrounded by a mild repulsion
                  | field. (EV +2) [demonic ancestry]
   273 | D:1      | Reached XP level 2. HP: 23/24 MP: 2/2
   552 | D:1      | Gained mutation: You are surrounded by a moderate repulsion
                  | field. (EV +3) [demonic ancestry]
   552 | D:1      | Reached XP level 3. HP: 23/29 MP: 3/3
  1087 | D:2      | Found Vounuvuw's Book Shop.
  1192 | D:2      | You fall into a shaft and drop 2 floors!
  1195 | D:4      | Noticed a bullfrog
  1203 | D:4      | Killed a bullfrog
  1204 | D:4      | Gained mutation: You have large cloven feet. [demonic
                  | ancestry]
  1204 | D:4      | Reached XP level 4. HP: 33/37 MP: 4/4
  1273 | D:4      | Found a staircase to the Ecumenical Temple.
  1286 | Temple   | Entered the Ecumenical Temple
  1293 | Temple   | Reached skill level 4 in Fighting
  1365 | Temple   | Became a worshipper of Uskayaw the Reveller
  1381 | Temple   | Reached * piety under Uskayaw
  1386 | D:4      | Reached ** piety under Uskayaw
  1394 | D:4      | Gained mutation: Your flesh is cold resistant. (rC+)
                  | [potion of mutation]
  1394 | D:4      | Gained mutation: You do not regenerate when monsters are
                  | visible. [potion of mutation]
  1394 | D:4      | Gained mutation: You are robust. (+10% HP) [potion of
                  | mutation]
  1396 | D:4      | Reached *** piety under Uskayaw
  1398 | D:4      | Gained mutation: Spells you cast may paralyse adjacent
                  | enemies. [demonic ancestry]
  1398 | D:4      | Reached XP level 5. HP: 11/46 MP: 5/5
  1738 | D:4      | Found an opulent altar of Gozag.
  1786 | D:4      | Reached skill level 1 in Invocations
  1822 | D:4      | Noticed an orc warrior
  1858 | D:4      | Found a shimmering altar of Xom.
  1867 | D:4      | Slain by an orc priest

Illustrated notes

Levels and vault maps discovered:
D:1:      dpeg_arrival_connections, layout_basic, basic_ecumenical_altar
D:2:      minmay_general_purpose_star, layout_loops_ring, serial_forest,
          infiniplex_forest_lined_3, infiniplex_forest_clump_curved,
          infiniplex_forest_diagonal, infiniplex_forest_lined_room_2,
          infiniplex_forest_straight_3, serial_shops, shop,
          kennysheep_generic_room_7
D:4:      layout_loops_ring, kennysheep_little_box, led_xom_imps,
          minmay_temple_entry_trees, chequers_serial_rivers_micro_a,
          uniq_natasha
Temple:   nicolae_temple_great_sept

Skill      XL: |  1  2  3  4  5 |
---------------+----------------+-----
Short Blades   | 2 3 |  3.4
Armour         | 3 |  3.8
Fighting       | 4 |  4.2
Invocations    | 1 |  1.4
Shields        | |  2.7

Action                   |  1- 3 |  4- 6 || total
-------------------------+-------+-------++-------
Melee: Rapier            |    76 |    42 ||   118
       Kick              |       |    11 ||    11
  Use: Potion            |     1 |     3 ||     4
       Scroll            |       |     1 ||     1
 Stab: Paralysed         |       |     1 ||     1
Armor: Scale mail        |    32 |    18 ||    50
Dodge: Dodged            |    35 |    30 ||    65
Block: Kite shield       |    33 |    34 ||    67

Table legend: (Time is in decaauts)
 A = Elapsed time spent in this place.
 B = Non-inter-level travel time spent in this place.
 C = Inter-level travel time spent in this place.
 D = Time resting spent in this place.
 E = Time spent auto-exploring this place.
 F = Levels seen in this place.
 G = Mean time per level.
                   A        B        C        D        E       F      G
               +--------+--------+--------+--------+--------+-----+--------+
         Total |   1907 |   1845 |     62 |    231 |   1287 |   4 |  476.8 |
       Dungeon |   1629 |   1577 |     52 |     56 |   1222 |   3 |  543.0 |
        Temple |    278 |    268 |     10 |    175 |     65 |   1 |  278.0 |
               +--------+--------+--------+--------+--------+-----+--------+

Top non-repeatable levels by time:
     D:1: 1079 daAuts
     D:4: 413 daAuts
  Temple: 278 daAuts
     D:2: 136 daAuts
